Match 45106341
Unlisted

Match 45106341
End
Construct Section Command Post
Selects Indian Artillery Battlegroup
Dingo Light Scout Car
Infantry Section
Royal Engineer Section
Infantry Section
Selects Artillery Saturation
Construct Platoon Command Post
Unlock Bishop Self-propelled Artillery
Bishop Self-propelled Artillery
Bishop Self-propelled Artillery
Royal Engineer Section
Royal Engineer Section
Construct Company Command Post
Light Vehicle Training
Selects Off-map Airburst Barrage
Selects Perimeter Monitor
Perimeter Monitor
Unlock M3 Grant Medium Tanks
Infantry Training
M3 Grant Medium Tank
Selects Valour
Selects Gurkha Rifles Section
Drink||Chouchen
Drink||Karmeliet
Drink||PiconBiere
Adelfos
[PD]Lurgi
Nico-Nico-Nii~~
0
0

Comments sign in to comment!

No comments posted yet!